Map: Abyssal Reef LE

Players

PROFWĘGLARZ

  • Race: Terran Terran
  • League: Master
  • Spawn Location: 11:00

Railgan - Winner!

  • Race: Zerg Zerg
  • League: Grandmaster
  • Spawn Location: 5:00

VOD

Have the link to the VOD?

Description

Time

  • Played on: June 2, 2017, 5:47 p.m.
  • Length: 11:32
Show
View Real Time Build Order
Export as new Build Order

PROFWĘGLARZ Terran 

Build Orders: Hellion Opening, MMM Bio 

Get SALT Encoding   

  12  0:00  SCV  
  13  0:12  SCV  
  14  0:17  Supply Depot  
  14  0:24  SCV  
  14  0:27  Refinery  
  15  0:38  SCV  
  16  0:45  Barracks  
  16  0:50  SCV  
  18  1:04  SCV  
  18  1:16  SCV  
  20  1:33  Orbital Command, Reaper  
  20  1:46  Command Center  
  20  1:58  Factory  
  20  2:01  SCV  
  21  2:05  Barracks Reactor  
  21  2:15  SCV  
  22  2:17  Refinery  
  21  2:23  Supply Depot  
  21  2:29  SCV  
  23  2:51  Starport  
  22  2:52  SCV  
  22  2:58  Hellion x2  
  27  3:01  Barracks Tech Lab  
  27  3:04  SCV  
  28  3:12  Orbital Command  
  28  3:16  SCV  
  29  3:22  Hellion x2  
  33  3:28  SCV  
  33  3:33  Marine, Supply Depot  
  35  3:38  SCV  
  35  3:40  SCV  
  37  3:42  Raven  
  39  3:50  Hellion  
  39  3:52  Hellion  
  39  3:53  SCV  
  39  3:54  SCV  
  45  4:05  SCV  
  45  4:06  Supply Depot  
  46  4:10  SCV  
  47  4:17  SCV  
  47  4:22  SCV  
  49  4:24  Hellion x2  
  49  4:29  SCV  
  51  4:34  SCV  
  50  4:41  SCV  
  49  4:46  SCV  
  50  4:53  SCV, Viking  
  50  4:58  SCV  
  50  4:59  Command Center  
  54  5:00  Supply Depot  
  54  5:03  Factory Reactor  
  54  5:05  SCV  
  55  5:07  Barracks  
  55  5:10  SCV  
  56  5:17  Marine, Stimpack  
  56  5:18  SCV, Barracks  
  58  5:22  SCV  
  58  5:27  Engineering Bay  
  58  5:28  Engineering Bay  
  59  5:31  Refinery  
  59  5:32  SCV  
  60  5:37  Marine  
  60  5:42  Starport Reactor  
  61  5:45  SCV  
  61  5:48  Refinery  
  62  5:50  SCV  
  62  5:52  Factory Reactor  
  62  5:53  Terran Infantry Weapons Level 1  
  62  5:54  Terran Infantry Armor Level 1  
  63  5:57  SCV  
  63  5:59  Marine  
  63  6:02  SCV  
  63  6:03  Barracks  
  66  6:05  Marine, Barracks  
  66  6:06  Marine  
  66  6:09  SCV  
  69  6:16  Supply Depot  
  69  6:17  Marine  
  70  6:20  SCV  
  70  6:24  SCV, Marine  
  73  6:29  Marine x2  
  73  6:30  Widow Mine x2  
  73  6:32  Orbital Command  
  79  6:38  SCV  
  80  6:41  Supply Depot  
  80  6:42  Marine  
  80  6:43  Marine, Medivac x2  
  80  6:46  Supply Depot  
  86  6:48  Armory  
  86  6:49  Marine  
  86  6:51  SCV  
  86  6:52  Supply Depot  
  88  6:58  SCV, Marine  
  90  7:01  SCV, Marine  
  90  7:02  Marine, Widow Mine  
  90  7:03  Barracks Reactor x2  
  90  7:04  Marine  
  90  7:07  SCV  
  95  7:10  SCV  
  95  7:11  Marine  
  97  7:16  Marine  
  97  7:18  Medivac  
  97  7:19  Marine, Medivac, Widow Mine  
  97  7:21  SCV  
  106  7:23  Supply Depot  
  106  7:27  Bunker  
  106  7:29  SCV, Marine  
  109  7:30  SCV, Supply Depot  
  109  7:31  Widow Mine  
  109  7:32  Marine  
  109  7:33  Marine  
  113  7:43  Marine  
  114  7:44  Combat Shields  
  114  7:45  Marine  
  114  7:46  Marine x2  
  117  7:53  Marine  
  117  7:54  Marine, Medivac x2  
  123  7:59  Marine x3  
  123  8:01  Marine  
  123  8:03  Marine  
  128  8:08  Marine  
  128  8:10  Marine, Factory Tech Lab  
  129  8:19  Marine  
  122  8:20  Marine x3  
  122  8:22  Marine x3  
  122  8:26  Marine  
  129  8:28  Marine  
  129  8:30  Siege Tank  
  129  8:33  Refinery, Barracks  
  129  8:34  Barracks  
  133  8:35  Refinery  
  133  8:36  Barracks, Factory  
  133  8:48  Terran Infantry Weapons Level 2, Terran Infantry Armor Level 2  
  133  8:49  Terran Vehicle Weapons Level 1  
  133  9:10  Marine  
  133  9:11  SCV  
  133  9:12  Marine  
  133  9:14  Marine x3  
  133  9:15  Marine x2  
  133  9:16  SCV, Marine  
  133  9:17  Marine  
  133  9:18  Siege Tank  
  129  9:28  Marine  
  129  9:30  Marine  
  128  9:32  Marine x5, Barracks Tech Lab  
  128  9:33  Barracks Tech Lab, Barracks Reactor  
  128  9:34  Marauder, Marine, Factory Tech Lab  
  127  9:46  Marine  
  127  9:47  Marine  
  127  9:50  Marine, Siege Tank  
  127  9:52  Marine x2  
  122  9:53  Marine  
  122  9:54  Marine  
  122  9:55  Marine x3  
  122  9:56  Marauder  
  128  10:05  Marine  
  127  10:07  SCV  
  127  10:11  Marine  
  127  10:12  Marine x4  
  133  10:21  Command Center  
  133  10:32  Marine x5  
  133  10:33  Marauder, Medivac  
  133  10:46  Sensor Tower  
  133  10:48  Marine  
  133  10:49  Marine x3  
  133  10:51  Marine x2  
  133  10:52  Marine  
  133  11:00  Marine x2  
  133  11:02  Marine  
  133  11:03  Marauder  
  130  11:05  Marine  
  130  11:07  Marine x3  
  130  11:08  Marine  
  130  11:09  Marine  
Show
View Real Time Build Order
Export as new Build Order

Railgan Zerg - Winner!

Build Orders: Pool First, Lurkers 

Get SALT Encoding   

  12  0:01  Drone  
  13  0:12  Overlord  
  13  0:17  Drone  
  14  0:32  Drone x2  
  16  0:40  Drone  
  17  0:46  Spawning Pool  
  17  0:48  Drone  
  17  0:56  Drone  
  18  1:13  Hatchery  
  18  1:14  Extractor  
  16  1:20  Drone x2  
  18  1:32  Queen  
  18  1:34  Zergling x2  
  22  1:40  Drone  
  22  1:50  Overlord  
  22  2:08  Queen  
  22  2:09  Drone  
  22  2:11  Drone  
  26  2:17  Metabolic Boost  
  26  2:25  Queen  
  26  2:28  Drone  
  29  2:35  Drone  
  30  2:39  Drone  
  30  2:40  Drone x2  
  32  2:49  Drone x2  
  34  2:54  Hatchery  
  33  3:00  Overlord  
  33  3:06  Zergling x4  
  33  3:08  Drone  
  36  3:17  Overlord  
  36  3:18  Drone  
  36  3:19  Drone  
  38  3:20  Drone x2  
  38  3:26  Drone  
  41  3:31  Drone  
  42  3:38  Drone x4  
  42  3:41  Queen x2  
  46  3:44  Drone  
  51  3:50  Extractor  
  51  3:51  Drone  
  51  3:53  Zergling x2  
  52  3:57  Overlord  
  52  4:01  Overlord  
  50  4:03  Zergling x2  
  51  4:10  Overlord, Baneling Nest  
  51  4:11  Zergling x4  
  51  4:15  Spore Crawler  
  51  4:17  Spore Crawler, Queen  
  50  4:22  Zergling x2  
  49  4:28  Drone x3  
  49  4:29  Spore Crawler  
  49  4:31  Drone  
  50  4:34  Drone  
  50  4:40  Drone x3  
  50  4:45  Drone  
  54  4:50  Drone x2  
  54  4:52  Drone x2  
  56  4:56  Overlord  
  56  4:58  Drone  
  56  5:00  Queen  
  56  5:12  Drone x5  
  59  5:19  Lair  
  59  5:20  Drone x2  
  61  5:23  Evolution Chamber  
  61  5:25  Zergling x2  
  61  5:26  Zergling x4  
  61  5:27  Evolution Chamber  
  62  5:33  Drone  
  62  5:34  Drone  
  64  5:36  Overlord  
  62  5:43  Drone x3  
  62  5:44  Drone  
  62  5:46  Drone  
  67  5:51  Drone  
  67  5:52  Drone x2  
  67  5:56  Zerg Ground Armor Level 1  
  67  5:57  Zerg Melee Weapons Level 1  
  70  5:58  Drone  
  70  5:59  Drone x3  
  70  6:00  Zergling x2  
  75  6:07  Zergling x2  
  75  6:08  Zergling x4  
  78  6:12  Overlord  
  78  6:14  Drone  
  78  6:15  Drone  
  78  6:18  Extractor x2  
  79  6:19  Extractor  
  79  6:22  Hydralisk Den  
  79  6:24  Drone x5  
  81  6:33  Baneling x3, Drone  
  81  6:38  Baneling  
  81  6:39  Drone x3  
  85  6:41  Hatchery, Drone x2  
  85  6:43  Drone  
  85  6:45  Extractor, Drone  
  87  6:48  Overlord, Hatchery  
  87  6:50  Drone x2  
  86  7:02  Drone x4  
  86  7:04  Overlord  
  89  7:12  Overlord  
  89  7:13  Hydralisk x4  
  89  7:14  Hydralisk  
  99  7:16  Centrifical Hooks  
  99  7:19  Overlord  
  99  7:26  Muscular Augments  
  99  7:28  Zergling x10  
  104  7:35  Overlord  
  104  7:39  Hydralisk  
  104  7:40  Hydralisk x3  
  112  7:45  Hydralisk  
  112  7:46  Overlord  
  112  7:49  Zergling x4  
  112  7:51  Zerg Ground Armor Level 2  
  116  7:56  Baneling  
  116  7:57  Baneling x3  
  116  8:00  Drone x6  
  116  8:01  Drone x2  
  124  8:06  Zergling x2  
  124  8:07  Overlord  
  124  8:11  Zergling x4  
  124  8:13  Drone  
  124  8:15  Drone x2  
  124  8:16  Zergling x2  
  124  8:20  Drone x4  
  124  8:24  Hatchery  
  124  8:25  Zergling x2  
  124  8:26  Zergling x4  
  129  8:30  Zerg Melee Weapons Level 2  
  129  8:32  Zergling x10  
  129  8:33  Zergling x2  
  135  8:40  Zergling x6  
  138  8:43  Overlord  
  138  8:45  Lurker Den  
  138  8:47  Zergling x10  
  144  8:48  Zergling x2  
  144  8:50  Infestation Pit  
  144  8:53  Zergling x2  
  144  8:58  Zergling x20  
  152  9:04  Extractor  
  152  9:06  Zergling x6  
  152  9:07  Baneling x13  
  152  9:08  Baneling x3, Extractor  
  153  9:11  Overlord, Zergling x6  
  153  9:13  Overseer x2  
  150  9:18  Hydralisk  
  144  9:24  Zergling x2  
  144  9:25  Hydralisk  
  144  9:27  Drone  
  144  9:28  Drone x5  
  144  9:29  Zergling x2  
  144  9:30  Zergling x4  
  156  9:34  Zergling x6  
  156  9:35  Overlord  
  156  9:36  Hive, Pneumatized Carapace  
  145  9:48  Hydralisk  
  145  9:49  Hydralisk x5  
  145  9:52  Zergling x2  
  139  9:57  Zergling x6  
  139  9:58  Overlord  
  138  10:01  Overlord  
  138  10:07  Baneling x10  
  138  10:10  Zergling x8  
  138  10:11  Overlord  
  142  10:16  Zergling x8  
  142  10:18  Zergling x4  
  142  10:20  Baneling x4  
  142  10:21  Lurker x4  
  149  10:22  Zergling x2  
  149  10:23  Zergling x6, Drone  
  149  10:24  Drone x2  
  149  10:25  Drone x3  
  162  10:36  Zergling x18  
  171  10:44  Zergling x2  
  171  10:49  Zergling x2  
  170  10:50  Zergling x6, Drone x2  
  170  10:52  Hydralisk  
  170  10:53  Hydralisk x3  
  183  10:58  Hydralisk x3  
  181  11:11  Zergling x2  
Tags
 
Add a new tag
Caveats
  • Supply blocks, unpowered buildings, or Contaminate may cause inaccurate times.
  • Supply counts are checked every 10 seconds.